 Dungeon Crawl Stone Soup version 0.30.1-9-gdf580d7c3d (webtiles) character file.

Game seed: 1293924858010090733

53 Raikaria the Skirmisher (level 3, -4/31 HPs)
             Began as a Gnoll Hunter on Sept 27, 2023.
             Slain by an orc
             ... wielding a +0 mace
              (7 damage)
             ... on level 2 of the Dungeon.
             The game lasted 00:02:38 (1000 turns).

Raikaria the Skirmisher (Gnoll Hunter)              Turns: 1000, Time: 00:02:39

Health: -4/31      AC:  3    Str: 10    XL:     3   Next: 89%
Magic:  4/4        EV: 13    Int:  8    God:
Gold:   33         SH:  0    Dex: 17    Spells: 4/4 levels left

rFire   . . .        m - +3 dagger (venom)
rCold   + . .        (no shield)
rNeg    . . .        c - +0 leather armour
rPois   .            (no helmet)
rElec   .            (no cloak)
rCorr   .            (no gloves)
SInv    .            (no boots)
Will    .....        (no amulet)
Stlth   ++           h - ring of protection from cold
HPRegen 0.25/turn    (no ring)
MPRegen 0.09/turn

%: no passive effects
@: no status effects
A: fangs 1, strong nose, distributed training
a: no special abilities


You were on level 2 of the Dungeon.
You visited 1 branch of the dungeon, and saw 3 of its levels.

You collected 33 gold pieces.

Inventory:

Hand Weapons
 a - a +0 shortbow
 k - a +4 dagger
 m - a +3 dagger of venom (weapon)
Armour
 c - a +0 leather armour (worn)
Jewellery
 h - a ring of protection from cold (left hand)
Scrolls
 b - a scroll of immolation
 e - a scroll of vulnerability {unknown}
 f - a scroll of noise {unknown}
 g - a scroll of enchant armour {unknown}
 i - a scroll of magic mapping {unknown}
 j - a scroll of enchant weapon {unknown}
 l - 2 scrolls of teleportation {unknown}
 n - a scroll of poison {unknown}
 p - a scroll of identify {unknown}
Potions
 d - 2 potions of curing
 o - a potion of lignification {unknown}


   Skills:
 + Level 4.6 Fighting
 + Level 1.0 Short Blades
 + Level 1.0 Long Blades
 + Level 1.0 Axes
 + Level 1.0 Maces & Flails
 + Level 1.0 Polearms
 + Level 1.0 Staves
 + Level 8.5 Ranged Weapons
 + Level 1.0 Throwing
 + Level 1.0 Armour
 + Level 4.6 Dodging
 + Level 2.5 Stealth
 + Level 1.0 Shields
 + Level 1.0 Unarmed Combat
 + Level 1.0 Spellcasting
 + Level 0.7 Conjurations
 + Level 0.7 Hexes
 + Level 0.7 Summonings
 + Level 0.7 Necromancy
 + Level 0.7 Translocations
 + Level 0.7 Transmutations
 + Level 0.7 Fire Magic
 + Level 0.7 Ice Magic
 + Level 0.7 Air Magic
 + Level 0.7 Earth Magic
 + Level 0.7 Poison Magic
 + Level 1.1 Invocations
 + Level 1.0 Evocations


You had 4 spell levels left.
You didn't know any spells.
Your spell library contained the following spells:

 Spells                   Type           Power      Damage    Failure   Level
 Cigotuvi's Dreadful Rot  Necr/Pois/Air  2%         N/A       52%         2
 Ignite Poison            Fire/Tmut/Pois 1%         N/A       75%         3
 Freezing Cloud           Conj/Ice/Air   0%         6-21      100%        5


Dungeon Overview and Level Annotations

Branches:
Dungeon (3/15)

Altars:
Dithmenos


Innate Abilities, Weirdness & Mutations

You have very sharp teeth.
Your uncanny sense of smell can sniff out nearby items.
Your experience applies equally to all skills.


Message History

An orc comes into view.
It is wielding a +2 falchion of holy wrath.
The orc hits you with a +0 mace.
The orc hits you with a +2 dagger of venom.
You are poisoned.
The orc attacks as you move away!
The orc hits you with a +2 dagger of venom.
You are more poisoned.
You feel very sick. The orc attacks as you move away!
The orc hits you with a +0 mace.
You feel very sick. The orc hits you but does no damage.
You are lethally poisoned!
* * * LOW HITPOINT WARNING * * *
You feel very sick. The orc attacks as you move away!
The orc hits you with a +2 falchion of holy wrath.
* * * LOW HITPOINT WARNING * * *
x2 You feel very sick.
There is a stone staircase leading down here.
It was a potion of curing.
You feel better.
You are too injured to fight recklessly!
You are too injured to fight recklessly!
You are too injured to fight recklessly!
Fire: a) +0 shortbow
Press: ? - help, Q - select action Shift-Dir - straight line, f - orc, p - orc
Aim: an orc, wielding a +2 falchion of holy wrath and wearing a +0 scale mail (69% to hit)
You shoot an arrow.
The arrow hits the orc but does no damage.
The orc hits you with a +2 falchion of holy wrath.
* * * LOW HITPOINT WARNING * * *
You feel better.
The orc hits you with a +2 falchion of holy wrath.
* * * LOW HITPOINT WARNING * * *
Your +3 dagger of venom begins to drip with poison!
m - a +3 dagger of venom (weapon)
You hit the orc.
The orc is poisoned.
The orc is moderately wounded.
The orc hits you with a +2 falchion of holy wrath.
* * * LOW HITPOINT WARNING * * *
The orc hits you with a +0 mace!
You die...

....####.###
#.#>..#..# .####
.# ###.#.#.#..# .#
###.###..........#
.#
#.....#.#........#
.#
#.....#.##.#..##.#
###
#.....#.##....#
..#
#<....#.##.#o##
#>#
#.....#)##o#o###.#
#.#
#######....@.....#
#.# ####.#######
#.# ##### #.# #.#
#...# #.#
#.###...#######.#
#.#.............#
#.........#######
###.......#
###...###


You could see 3 orcs.

Vanquished Creatures
  An adder (D:2)
  A worm (D:2)
  3 dart slugs
  5 bats
  3 endoplasms
  2 giant cockroaches (D:1)
  5 goblins (D:1)
  A hobgoblin (D:1)
  2 jackals (D:1)
  A quokka (D:1)
  2 ball pythons (D:1)
  3 frilled lizards
  4 kobolds
  2 rats (D:1)
35 creatures vanquished.

Notes
Turn   | Place    | Note
-------+----------+-------------------------------------------
     0 | D:1      | Raikaria the Gnoll Hunter began the quest for the Orb.
     0 | D:1      | Reached XP level 1. HP: 20/20 MP: 1/1
   190 | D:1      | Reached XP level 2. HP: 26/26 MP: 2/2
   385 | D:1      | Reached XP level 3. HP: 31/31 MP: 3/3
   573 | D:1      | Reached skill level 1 in Invocations
   673 | D:2      | Found a shadowy altar of Dithmenos.
   923 | D:2      | Reached skill level 1 in Short Blades
   923 | D:2      | Reached skill level 1 in Long Blades
   923 | D:2      | Reached skill level 1 in Axes
   923 | D:2      | Reached skill level 1 in Maces & Flails
   923 | D:2      | Reached skill level 1 in Polearms
   923 | D:2      | Reached skill level 1 in Staves
   923 | D:2      | Reached skill level 1 in Throwing
   923 | D:2      | Reached skill level 1 in Armour
   923 | D:2      | Reached skill level 1 in Shields
   923 | D:2      | Reached skill level 1 in Unarmed Combat
   923 | D:2      | Reached skill level 1 in Spellcasting
   923 | D:2      | Reached skill level 1 in Evocations
   993 | D:2      | HP: 1/31 [poisoned by an orc]
  1000 | D:2      | Slain by an orc

Illustrated notes

Levels and vault maps discovered:
D:1:      roderic_crossed_star, layout_basic
D:2:      layout_loops_cross, basic_altar
D:3:      layout_loops_ring, tgw_sif, minmay_three_crescents

Skill      XL: |  1  2  3 |
---------------+----------+-----
Invocations    | 1 |  1.1
Short Blades   | 1 |  1.0
Long Blades    | 1 |  1.0
Axes           | 1 |  1.0
Maces & Flails | 1 |  1.0
Polearms       | 1 |  1.0
Staves         | 1 |  1.0
Throwing       | 1 |  1.0
Armour         | 1 |  1.0
Shields        | 1 |  1.0
Unarmed Combat | 1 |  1.0
Spellcasting   | 1 |  1.0
Evocations     | 1 |  1.0
Fighting       | |  4.6
Ranged Weapons | |  8.5
Dodging        | |  4.6
Stealth        | |  2.5
Conjurations   | |  0.7
Hexes          | |  0.7
Summonings     | |  0.7
Necromancy     | |  0.7
Translocations | |  0.7
Transmutations | |  0.7
Fire Magic     | |  0.7
Ice Magic      | |  0.7
Air Magic      | |  0.7
Earth Magic    | |  0.7
Poison Magic   | |  0.7

Action                     || total
---------------------------++-------
  Melee: Dagger            ||     1
   Fire: Shortbow          ||    86
    Use: Potion            ||     2
 Armour: Leather armour    ||     7
  Dodge: Dodged            ||    18
